 Dungeon Crawl Stone Soup version 0.29-a0-321-gf1c400731a (webtiles) character file.

Game seed: 3176127627501938909

9 Morbidden the Skirmisher (level 2, 24/24 HPs)
             Began as a Demonspawn Fighter on Apr 3, 2022.
             Quit the game on level 1 of the Dungeon.
             The game lasted 00:00:42 (578 turns).

Morbidden the Skirmisher (Demonspawn Fighter)        Turns: 578, Time: 00:00:43

Health: 24/24      AC:  8    Str: 16    XL:     2   Next: 3%
Magic:  2/2        EV:  8    Int:  9    God:
Gold:   11         SH:  4    Dex: 12    Spells: 1/1 levels left

rFire   . . .      SeeInvis .   a - +0 war axe
rCold   . . .      Faith    .   c - +0 buckler
rNeg    . . .      Spirit   .   b - +0 scale mail
rPois   .          Reflect  .   (no helmet)
rElec   .          Harm     .   (no cloak)
rCorr   .          Rampage  .   e - +1 pair of gloves
Will    .....                   (no boots)
Stlth   ..........              (no amulet)
HPRegen 0.08/turn               (no ring)
MPRegen 0.08/turn               (no ring)

@: no status effects
A: demonic touch 1
a: no special abilities


You were on level 1 of the Dungeon.
You visited 1 branch of the dungeon, and saw 1 of its levels.

You collected 11 gold pieces.

Inventory:

Hand Weapons
 a - a +0 war axe (weapon)
Armour
 b - a +0 scale mail (worn)
 c - a +0 buckler (worn)
 e - a +1 pair of gloves (worn)
Scrolls
 f - a scroll of identify {unknown}
Potions
 d - a potion of might
 g - a potion of heal wounds {unknown}


   Skills:
 * Level 3.1 Fighting
 * Level 1.9 Axes
 + Level 2.8 Armour
 * Level 0.1 Dodging
 + Level 2.7 Shields
 * Level 0.2 Spellcasting


You had one spell level left.
You didn't know any spells.
Your spell library was empty.

Dungeon Overview and Level Annotations

Branches:
Dungeon (1/15)

Altars:


Innate Abilities, Weirdness & Mutations

Your touch may inflict minor irresistible damage on your foes.


Message History

Unknown command.
You start resting.
HP restored.
You start waiting.
Done waiting.
You open the large door.
Key pressed, stopping explore.
Unknown command.
A rat comes into view.
Found a dagger.
The rat twitches its whiskers.
A rat is nearby!
The rat barely misses you.
You slash the rat!
You kill the rat!
No target in view!
No target in view!
No target in view!
g - a ruby potion You now have 7 gold pieces.
You now have 11 gold pieces (gained 4).
Found a faded altar of an unknown god.
No target in view!
An endoplasm comes into view.
Found a glowing short sword.
The endoplasm quivers.
You enter the shallow water.
Moving in this stuff is going to be slow.
A frilled lizard comes into view.
The frilled lizard hisses angrily.
A ball python comes into view.
The endoplasm jiggles.
The ball python hisses angrily.
You slash the endoplasm!
You kill the endoplasm!
You have reached level 2!
Your demonic ancestry asserts itself...
Your hands begin to faintly glow with unholy energy.
Okay, then.
Are you sure you want to abandon this character and quit the game? (Confirm with "yes".)

≈....≈≈≈≈.... #......
≈≈≈≈≈≈≈≈..#. #.#####
≈≈≈≈≈≈≈.≈). # #.###.#####
≈≈≈≈≈≈≈≈..#.###....^...##
≈≈..≈≈≈.≈.#.....###.##.##
≈≈♣_≈≈≈≈≈..... #.##.##
≈≈♣≈≈≈≈Sl..# #......
≈≈≈≈≈≈≈≈...# #......
≈≈≈≈≈≈≈≈≈@## #.##.##
≈≈≈≈≈≈≈≈.≈# #.##.##
.≈≈.≈..≈≈.# #.##..#
≈......≈..# #.###.#
#.####...## #.###.#
#.......## #......
######.## #####.# #.# #.#
#.##### #.#


You could see a ball python and a frilled lizard.

Vanquished Creatures
  2 endoplasms (D:1)
  A giant cockroach (D:1)
  A kobold (D:1)
  A quokka (D:1)
  3 rats (D:1)
8 creatures vanquished.

Notes
Turn   | Place    | Note
-------+----------+-------------------------------------------
     0 | D:1      | Morbidden the Demonspawn Fighter began the quest for the
                  | Orb.
     0 | D:1      | Reached XP level 1. HP: 18/18 MP: 1/1
   570 | D:1      | Found a faded altar of an unknown god.
   577 | D:1      | Gained mutation: Your touch may inflict minor irresistible
                  | damage on your foes. [demonic ancestry]
   577 | D:1      | Reached XP level 2. HP: 24/24 MP: 2/2
   578 | D:1      | Quit the game

Illustrated notes

Levels and vault maps discovered:
D:1:      lemuel_arrival_behind_the_door_large, layout_loops_cross,
          chequers_ecumenical_altar_island, serial_bayou_pond_e

Action                   || total
-------------------------++-------
Melee: War axe           ||    33
Armor: Scale mail        ||    28
Dodge: Dodged            ||    12
Block: Buckler           ||     8

Table legend: (Time is in decaauts)
 A = Elapsed time spent in this place.
 B = Non-inter-level travel time spent in this place.
 C = Inter-level travel time spent in this place.
 D = Time resting spent in this place.
 E = Time spent auto-exploring this place.
 F = Levels seen in this place.
 G = Mean time per level.
                   A        B        C        D        E       F      G
               +--------+--------+--------+--------+--------+-----+--------+
         Total |    593 |    593 |      0 |    392 |    103 |   1 |  593.0 |
       Dungeon |    593 |    593 |      0 |    392 |    103 |   1 |  593.0 |
               +--------+--------+--------+--------+--------+-----+--------+

Top non-repeatable levels by time:
     D:1: 593 daAuts
